 Dungeon Crawl Stone Soup version 0.29.1-13-g9f3cf754e1 (webtiles) character file.

Game seed: 8161761886512017916

32 Heoruswealwe the Grave Robber (level 3, -1/19 HPs)
             Began as a Deep Elf Necromancer on Feb 8, 2023.
             Slain by a gnoll
             ... wielding a +0 halberd
             ... led by the fury of Okawaru
              (4 damage)
             ... on level 2 of the Dungeon.
             The game lasted 00:19:53 (1558 turns).

Heoruswealwe the Grave Robber (DENe)                Turns: 1558, Time: 00:19:54

Health: -1/19      AC:  2    Str:  5    XL:     3   Next: 8%
Magic:  10/10      EV: 12    Int: 21    God:
Gold:   98         SH:  0    Dex: 15    Spells: 5/9 levels left

rFire   . . .      SeeInvis .   i - staff of cold
rCold   + . .      Faith    .   (no shield)
rNeg    . . .      Spirit   .   s - +0 robe {Will+}
rPois   .          Reflect  .   (no helmet)
rElec   .          Harm     .   (no cloak)
rCorr   .          Rampage  .   (no gloves)
Will    +....                   (no boots)
Stlth   +.........              l - amulet of magic regeneration
HPRegen 0.06/turn               (no ring)
MPRegen 0.52/turn               (no ring)

@: confused
A: no striking features
a: no special abilities


You were on level 2 of the Dungeon.
You visited 1 branch of the dungeon, and saw 2 of its levels.

You collected 98 gold pieces.

Inventory:

Hand Weapons
 f - a +0 dagger
 h - a +0 whip
 p - a +0 club
 q - a +0 whip
 w - a +0 dagger
Missiles
 k - 9 stones
Armour
 a - a +0 robe
 c - a +0 robe
 g - a +0 leather armour
 s - a +0 robe of willpower (worn)
 t - a +0 leather armour
Magical Staves
 i - a staff of cold (weapon)
 r - a staff of fire
Jewellery
 l - an amulet of magic regeneration (around neck)
 u - a ring of fire
Scrolls
 d - 2 scrolls of identify {unknown}
 n - 2 scrolls of enchant armour {unknown}
Potions
 b - a potion of magic
 e - 2 potions of experience {unknown}
 j - a potion of curing {unknown}
 m - a potion of ambrosia {unknown}
 o - a potion of heal wounds {unknown}
 v - a potion of brilliance {unknown}


   Skills:
 + Level 2.6 Dodging
 + Level 2.5 Stealth
 + Level 3.8 Spellcasting
 + Level 5.5 Necromancy


You had 5 spell levels left.
You knew the following spells:

 Your Spells              Type           Power      Damage    Failure   Level
a - Necrotise             Necr           100%       1d9       1%          1
b - Vampiric Draining     Necr           27%        2d7       3%          3

Your spell library contained the following spells:

 Spells                   Type           Power      Damage    Failure   Level
 Summon Small Mammal      Summ           16%        N/A       12%         1
 Animate Dead             Necr           27%        N/A       13%         4
 Agony                    Necr           27%        N/A       34%         5
 Call Canine Familiar     Summ           4%         N/A       36%         3
 Summon Guardian Golem    Hex/Summ       4%         N/A       36%         3


Dungeon Overview and Level Annotations

Branches:
Dungeon (2/15)

Altars:
Okawaru


Message History

You swap places.
Your goblin skeleton crumbles into dust!
Your quokka skeleton crumbles into dust!
There is an escape hatch in the ceiling here.
A mysterious force pulls you upwards. The hatch slams shut behind you.
There is an open door here.
There is an open door here.
There is a stone staircase leading down here.
You climb downwards.
There is a stone staircase leading up here.
Found an escape hatch in the floor.
A quokka comes into view.
An adder comes into view.
Found a metallic ruby potion.
Casting: Necrotise (safe; 1% risk of failure)
Confirm with . or Enter, or press ? or * to list all spells.
Aiming: Necrotise (safe; 1% risk of failure)
Press: ? - help, Shift-Dir - straight line, f - quokka
Aim: a quokka (asleep, chance to affect: 93%)
The quokka writhes in agony.
You kill the quokka!
The dead are hopping!
Okawaru sends forces against you! The divine experience confuses you!
You are confused.
A gnoll sergeant and 3 gnolls come into view.
The gnoll shouts! x3
The adder bites your quokka skeleton.
Your quokka skeleton bites the adder.
You bump into the rock wall.
The adder bites your quokka skeleton. x2
The gnoll sergeant hits you from afar with a +0 spear.
Your quokka skeleton misses the adder.
The gnoll barely misses you.
You bump into the rock wall.
The adder bites your quokka skeleton.
Your quokka skeleton is destroyed!
The gnoll completely misses you.
The gnoll sergeant completely misses you.
You bump into the rock wall.
The gnoll hits you with a +0 whip.
The gnoll sergeant hits you from afar with a +0 spear!
Ouch! That really hurt!
* * * LOW HITPOINT WARNING * * *
The gnoll hits you from afar with a +0 halberd.
You die...

######### ........# ###
.....#..# #>. .
.####...######.# ..# ##
#.......##.####...##
#....##.##.g@....S!.
###.##.##.##g.####.###
#......##.##gg# .##
###.###..##.##..# ....
....# #.........# .....
.##.###..#.#....##.....
###.......###..........
# ####.#.#.#.†.........
#.#.##.#.#.###.##


You could see a gnoll sergeant, 3 gnolls and an adder.

Vanquished Creatures
  A dart slug (D:1)
  A worm (D:2)
  An endoplasm (D:1)
  2 giant cockroaches (D:1)
  2 goblins
  A hobgoblin (D:1)
  2 quokkas (D:2)
  6 ball pythons
  A bat (D:1)
  3 frilled lizards
  A kobold (D:1)
  5 rats
26 creatures vanquished.

Vanquished Creatures (collateral kills)
  A ball python (D:2)
1 creature vanquished.

Grand Total: 27 creatures vanquished

Notes
Turn   | Place    | Note
-------+----------+-------------------------------------------
     0 | D:1      | Heoruswealwe the Deep Elf Necromancer began the quest for
                  | the Orb.
     0 | D:1      | Reached XP level 1. HP: 10/10 MP: 6/6
   418 | D:1      | Reached skill level 5 in Necromancy
   551 | D:1      | Found a faded altar of an unknown god.
   582 | D:1      | Reached XP level 2. HP: 15/15 MP: 6/8
   613 | D:1      | Prayed at the altar of an unknown god.
   613 | D:1      | Became a worshipper of Warmaster Okawaru
   613 | D:1      | Reached * piety under Okawaru
   616 | D:1      | Fell from the grace of Okawaru
  1412 | D:2      | Reached XP level 3. HP: 19/19 MP: 8/10
  1443 | D:2      | Learned a level 3 spell: Vampiric Draining
  1555 | D:2      | Noticed a gnoll sergeant
  1558 | D:2      | Slain by a gnoll

Illustrated notes

Levels and vault maps discovered:
D:1:      co_arrival_square_in_a_square_in_a_square, layout_loops_corners,
          chequers_ecumenical_altar_simple_redux, minmay_octomino_j4
D:2:      layout_loops_ring

Skill      XL: |  1 |
---------------+----+-----
Necromancy     | 5 |  5.5
Dodging        | |  2.6
Stealth        | |  2.5
Spellcasting   | |  3.8

Action                   || total
-------------------------++-------
Melee: Staff             ||     2
 Cast: Necrotise         ||    45
Invok: Renounce Religion ||     1
Armor: Robe              ||     3
Dodge: Dodged            ||    11
